 Dungeon Crawl Stone Soup version 0.20.0-10-g0535bb4 (webtiles) character file.

103 Monsterracer the Chopper (level 4, -4/40 HPs)
             Began as a Deep Dwarf Monk on June 6, 2017.
             Slain by Monsterracer's ghost (5 damage)
             ... on level 3 of the Dungeon.
             The game lasted 00:04:19 (1742 turns).

Monsterracer the Chopper (Deep Dwarf Monk)          Turns: 1742, Time: 00:04:19

Health: -4/40      AC:  8    Str: 15    XL:     4   Next: 51%
Magic:  4/4        EV:  8    Int: 11    God:
Gold:   77         SH:  0    Dex: 15    Spells: 3/3 levels left

rFire    . . .     SeeInvis .   a - +0 hand axe
rCold    . . .     Gourm    .   (no shield)
rNeg     . . .     Faith    .   e - +0 chain mail
rPois    .         Spirit   .   (no helmet)
rElec    .         Reflect  .   (no cloak)
rCorr    .         Harm     .   (no gloves)
MR       .....                  (no boots)
Stlth    ..........             (no amulet)
Regen    0.0/turn               (no ring)
MPRegen  0.1/turn               (no ring)

@: non-regenerating
A: damage resistance, heal wounds, sense surroundings 1, no regeneration
a: Heal Wounds


You were on level 3 of the Dungeon.
You were not hungry.

You visited 1 branch of the dungeon, and saw 3 of its levels.

You collected 77 gold pieces.

Inventory:

Hand Weapons
 a - a +0 hand axe (weapon)
 d - a +1 vampiric whip
Missiles
 i - 2 throwing nets (quivered)
Armour
 e - a +0 chain mail (worn)
Scrolls
 f - a scroll of recharging {unknown}
 g - 3 scrolls of teleportation {unknown}
 j - a scroll of amnesia {unknown}
 l - a scroll of enchant weapon {unknown}
 m - a scroll of random uselessness {unknown}
 n - a scroll of remove curse {unknown}
Potions
 b - 4 potions of curing {unknown}
 h - a potion of might {unknown}
Comestibles
 c - 2 bread rations
 k - 4 fruits


   Skills:
 + Level 2.9 Fighting
 * Level 5.2 Axes
 + Level 0.9 Armour
 + Level 3.7 Dodging
 - Level 2.4 Stealth


You had 3 spell levels left.
You didn't know any spells.

Dungeon Overview and Level Annotations

Branches:
Dungeon (3/15)

Altars:
Ashenzari
Elyvilon
Gozag
Okawaru
Qazlal
Ru
Zin

Annotations:
D:3 Monsterracer's ghost, amateur DDMo


Innate Abilities, Weirdness & Mutations

You are resistant to damage.
You can heal yourself by infusing magical energy.
You passively map a small area around you.
You do not regenerate.


Message History

Your chain mail prevents you from hitting Monsterracer's ghost.
Monsterracer's ghost is lightly damaged.
Monsterracer's ghost closely misses you.
You miss Monsterracer's ghost.
Monsterracer's ghost is lightly damaged.
Monsterracer's ghost hits you but does no damage.
You closely miss Monsterracer's ghost.
Monsterracer's ghost is lightly damaged.
Monsterracer's ghost hits you!
* * * LOW HITPOINT WARNING * * *
You barely miss Monsterracer's ghost.
Monsterracer's ghost is lightly damaged.
Monsterracer's ghost completely misses you.
You hit Monsterracer's ghost.
Monsterracer's ghost is lightly damaged.
Monsterracer's ghost barely misses you.
You hit Monsterracer's ghost.
Monsterracer's ghost is lightly damaged.
Monsterracer's ghost hits you!
You die...

,, #.##.. ...#.# #..$ #.##.#
#)#.## ... ,#.##.####..... ,
... #)##.#........ , ..
#.##.#........
*##.####.##..........
....................
#####.###.####........
#####+####....@W...#
####.####
#.......##.###.###.#######.#
#.......##.#
#..)........#.####
#.......##.#
##.##†#####.#>#.<.
#.......##.# #..#.# #.####
#.......##.# #..#.# #.#
#.......##.# #....#####.#.#
#.......##.####.#........#.#
#...............#..#######.*


You could see Monsterracer's ghost.

Vanquished Creatures
  A killer bee zombie (D:3)
  3 adders
  2 oozes
  A dart slug (D:2)
  2 leopard geckos (D:3)
  An orc (D:3)
  7 bats
  2 giant cockroaches (D:3)
  4 goblins
  4 hobgoblins
  A quokka (D:3)
  2 ball pythons
  A frilled lizard (D:3)
  6 kobolds
  7 rats
44 creatures vanquished.

Notes
Turn   | Place    | Note
-------+----------+-------------------------------------------
     0 | D:1      | Monsterracer the Deep Dwarf Monk began the quest for the Orb.
     0 | D:1      | Reached XP level 1. HP: 20/20 MP: 1/1
   435 | D:1      | Reached XP level 2. HP: 18/27 MP: 2/2
   436 | D:1      | Reached skill level 4 in Axes
   992 | D:2      | Reached XP level 3. HP: 21/33 MP: 3/3
   997 | D:2      | Found a stormy altar of Qazlal.
   997 | D:2      | Found an iron altar of Okawaru.
  1005 | D:2      | Found a sacrificial altar of Ru.
  1005 | D:2      | Found an opulent altar of Gozag.
  1121 | D:2      | Found a glowing silver altar of Zin.
  1355 | D:2      | Found a shattered altar of Ashenzari.
  1356 | D:2      | Found a white marble altar of Elyvilon.
  1545 | D:3      | Reached XP level 4. HP: 40/40 MP: 4/4
  1584 | D:3      | Reached skill level 5 in Axes
  1700 | D:3      | Noticed Monsterracer's ghost (amateur DDMo)
  1739 | D:3      | HP: 1/40 [Monsterracer's ghost (6)]
  1742 | D:3      | Slain by Monsterracer's ghost

Skill      XL: |  1  2  3  4 |
---------------+-------------+-----
Axes           | 4 5 |  5.2
Fighting       | |  2.9
Armour         | |  0.9
Dodging        | |  3.7
Stealth        | |  2.4

Action                   |  1- 3 |  4- 6 || total
-------------------------+-------+-------++-------
Melee: Hand axe          |    70 |    17 ||    87
       Whip              |    34 |    65 ||    99
  Eat: Chunk             |     1 |     1 ||     2
       Meat ration       |     1 |       ||     1
Armor: Chain mail        |    80 |    33 ||   113
       Robe              |     1 |       ||     1
Dodge: Dodged            |    56 |    21 ||    77
